 Dungeon Crawl Stone Soup version 0.32-a0-711-g016ad743e0 (webtiles) character file.

Game seed: 12081820671072608624

3 Aldia the Trooper (level 1, -1/22 HPs)
             Began as an Oni Warper on Mar 15, 2024.
             Slain by a hobgoblin (2 damage)
             ... on level 1 of the Dungeon.
             The game lasted 00:00:14 (39 turns).

Aldia the Trooper (Oni Warper)                        Turns: 39, Time: 00:00:14

Health: -1/22      AC:  3    Str: 14    XL:     1   Next: 50%
Magic:  3/4        EV:  8    Int: 14    God:
Gold:   0          SH:  0    Dex:  8    Spells: 5/5 levels left

rFire   . . .        a - +0 mace
rCold   . . .        (no shield)
rNeg    . . .        b - +0 robe
rPois   .            (helmet restricted)
rElec   .            (no cloak)
rCorr   .            (gloves unavailable)
SInv    .            (boots unavailable)
Will    .....        (no amulet)
Stlth   +            (no ring)
HPRegen 0.23/turn    (no ring)
MPRegen 0.09/turn

%: no passive effects
@: no status effects
A: large, unfitting armour, horns 1, tough skin 1, double potion healing,
drunken brawling
a: no special abilities


You were on level 1 of the Dungeon.
You visited 1 branch of the dungeon, and saw 1 of its levels.

Inventory:

Hand Weapons
 a - a +0 mace (weapon)
Missiles
 d - 7 darts of dispersal (quivered)
 e - 3 poisoned darts
Armour
 b - a +0 robe (worn)
Scrolls
 c - a scroll of blinking


   Skills:
 + Level 2.8 Fighting
 * Level 2.1 Maces & Flails
 - Level 1.0 Throwing
 - Level 2.1 Dodging
 - Level 2.5 Spellcasting
 - Level 2.6 Translocations


You had 5 spell levels left.
You didn't know any spells.
Your spell library contained the following spells:

 Spells                   Type           Power      Damage    Failure   Level
 Blink                    Tloc           18%        N/A       12%         2
 Lesser Beckoning         Tloc           18%        N/A       12%         2
 Teleport Other           Tloc           9%         N/A       22%         3
 Manifold Assault         Tloc           9%         N/A       58%         4
 Vhi's Electric Charge    Tloc/Air       10%        N/A       78%         4


Dungeon Overview and Level Annotations

Branches:
Dungeon (1/15)

Altars:


Innate Abilities, Weirdness & Mutations

You are too large for most types of armour.
You have a pair of small horns on your head.
You have tough skin. (AC +1)
You gain doubled healing and magic from potions.
Whenever you drink a healing potion, you attack all around you.


Message History

The endoplasm is almost dead.
The endoplasm freezes you.
You are frozen.
You are too injured to fight recklessly!
You are too injured to fight recklessly!
You are too injured to fight recklessly!
You hit the endoplasm but do no damage. You headbutt the endoplasm.
You kill the endoplasm!
A goblin comes into view. It is wielding a +0 club.
The goblin shouts!
You hear a loud squeak.
A rat comes into view.
The goblin hits you with a +0 club.
You are too injured to fight recklessly!
Found a stone staircase leading down.
A hobgoblin comes into view.
You hit the goblin.
The goblin is moderately wounded.
The goblin hits you but does no damage.
You closely miss the goblin.
The goblin is moderately wounded.
The hobgoblin barely misses you. The goblin hits you with a +0 club.
You closely miss the goblin. You headbutt the goblin.
You kill the goblin!
The hobgoblin hits you. The rat barely misses you. The hobgoblin hits you.
* * * LOW HITPOINT WARNING * * *
Training target 2.5 for Spellcasting reached!
You sock the rat!
You kill the rat!
The hobgoblin hits you but does no damage.
You see here a +0 club.
You hit the hobgoblin.
The hobgoblin is severely wounded.
The hobgoblin hits you.
* * * LOW HITPOINT WARNING * * *
You closely miss the hobgoblin.
The hobgoblin is severely wounded.
The hobgoblin hits you.
* * * LOW HITPOINT WARNING * * *
The hobgoblin hits you.
You die...

#.#.(..........#.#
#.###....(#..#....
##........#....#.#
######.###....#.#
#.###..#...#
#.....###..#
#####..#..# #....#
#.#@## #.#g#
#.#...# #.###.#
#.. ..> ### ###


You could see a hobgoblin.

Vanquished Creatures
  An endoplasm (D:1)
  A goblin (D:1)
  A rat (D:1)
3 creatures vanquished.

Notes
Turn   | Place    | Note
-------+----------+-------------------------------------------
     0 | D:1      | Aldia the Oni Warper began the quest for the Orb.
     0 | D:1      | Reached XP level 1. HP: 22/22 MP: 3/3
    39 | D:1      | HP: 1/22 [hobgoblin (4)]
    39 | D:1      | Slain by a hobgoblin

Illustrated notes

Levels and vault maps discovered:
D:1:      tarquinn_simple_flora_water_e, layout_loops_ring,
          minmay_misc_feat_cross

Action                     || total
---------------------------++-------
  Melee: Mace              ||    10
         Headbutt          ||     2
 Armour: Robe              ||    10
  Dodge: Dodged            ||     2

Table legend: (Time is in decaauts)
 A = Elapsed time spent in this place.
 B = Non-inter-level travel time spent in this place.
 C = Inter-level travel time spent in this place.
 D = Time resting spent in this place.
 E = Time spent auto-exploring this place.
 F = Levels seen in this place.
 G = Mean time per level.
                   A        B        C        D        E       F      G
               +--------+--------+--------+--------+--------+-----+--------+
         Total |     41 |     41 |      0 |      0 |     22 |   1 |   41.0 |
       Dungeon |     41 |     41 |      0 |      0 |     22 |   1 |   41.0 |
               +--------+--------+--------+--------+--------+-----+--------+

Top non-repeatable levels by time:
     D:1: 41 daAuts
